Map: Bel'Shir Vestige LE (Void)

Players

IIIIIIIIIIII - Winner!

  • Race: Protoss Protoss
  • League: Master
  • Spawn Location: 11:00

Railgan

  • Race: Zerg Zerg
  • League: Grandmaster
  • Spawn Location: 5:00

VOD

Have the link to the VOD?

Description

Time

  • Played on: March 23, 2017, 7:25 p.m.
  • Length: 14:37
Show
View Real Time Build Order
Export as new Build Order

IIIIIIIIIIII Protoss - Winner!

Build Orders: 1 Gate Expand, Phoenix Opening 

Get SALT Encoding   

  12  0:00  Probe (Chrono Boost)  
  13  0:11  Probe (Chrono Boost)  
  14  0:19  Pylon  
  14  0:22  Probe (Chrono Boost)  
  15  0:38  Probe (Chrono Boost)  
  15  0:40  Gateway  
  16  0:44  Assimilator  
  16  0:48  Probe (Chrono Boost)  
  17  0:59  Probe (Chrono Boost)  
  18  1:09  Probe (Chrono Boost)  
  19  1:21  Probe (Chrono Boost)  
  20  1:32  Probe (Chrono Boost)  
  21  1:33  Nexus  
  21  1:36  Cybernetics Core  
  21  1:43  Assimilator  
  21  1:49  Probe (Chrono Boost)  
  21  1:53  Pylon  
  22  1:59  Probe (Chrono Boost)  
  23  2:11  Adept  
  23  2:12  Probe (Chrono Boost)  
  26  2:15  Warp Gate  
  27  2:24  Probe (Chrono Boost)  
  27  2:29  Stargate  
  27  2:34  Adept  
  27  2:36  Probe (Chrono Boost), Assimilator  
  30  2:45  Probe (Chrono Boost)  
  30  2:48  Probe (Chrono Boost)  
  32  2:56  Probe (Chrono Boost)  
  33  3:00  Probe (Chrono Boost)  
  33  3:01  Stargate  
  34  3:06  Probe (Chrono Boost)  
  34  3:11  Phoenix  
  36  3:13  Probe (Chrono Boost)  
  36  3:17  Probe (Chrono Boost)  
  39  3:25  Pylon, Probe (Chrono Boost)  
  40  3:27  Probe (Chrono Boost)  
  40  3:33  Phoenix  
  41  3:37  Probe (Chrono Boost)  
  41  3:38  Probe (Chrono Boost)  
  45  3:48  Phoenix  
  46  3:49  Probe (Chrono Boost)  
  46  3:50  Pylon, Probe (Chrono Boost)  
  46  3:55  Phoenix  
  49  4:01  Probe (Chrono Boost)  
  52  4:08  Gateway  
  52  4:09  Phoenix  
  52  4:13  Probe (Chrono Boost)  
  52  4:14  Probe (Chrono Boost)  
  56  4:17  Assimilator  
  56  4:19  Pylon  
  56  4:21  Phoenix  
  56  4:28  Probe (Chrono Boost)  
  56  4:30  Probe (Chrono Boost)  
  60  4:32  Pylon, Phoenix  
  62  4:43  Probe (Chrono Boost)  
  63  4:47  Adept  
  63  4:49  Phoenix  
  63  4:50  Probe (Chrono Boost)  
  68  4:54  Phoenix  
  68  4:55  Probe (Chrono Boost)  
  71  5:02  Probe (Chrono Boost)  
  73  5:08  Pylon, Probe (Chrono Boost)  
  73  5:13  Phoenix  
  72  5:19  Probe (Chrono Boost)  
  72  5:20  Pylon, Probe (Chrono Boost)  
  76  5:23  Phoenix  
  78  5:37  Twilight Council, Forge, Adept x2  
  82  5:46  Robotics Facility  
  82  5:47  Pylon  
  82  5:52  Probe x2 (Chrono Boost)  
  84  5:59  Protoss Ground Weapons Level 1  
  84  6:03  Mothership Core (Chrono Boost)  
  86  6:07  Adept x2  
  90  6:14  Gateway  
  90  6:29  Adept x2  
  94  6:33  Immortal  
  98  6:45  Nexus  
  98  6:47  Pylon  
  98  6:48  Pylon  
  98  6:53  Probe x2 (Chrono Boost)  
  98  7:07  Probe x2 (Chrono Boost)  
  98  7:13  Sentry x2  
  98  7:15  Immortal  
  102  7:16  Gateway  
  102  7:18  Gateway  
  102  7:20  Pylon  
  102  7:21  Probe x2 (Chrono Boost)  
  108  7:24  Gateway  
  108  7:33  Probe x2 (Chrono Boost)  
  109  7:37  Protoss Ground Weapons Level 2  
  109  7:38  Charge  
  101  7:45  Probe (Chrono Boost)  
  101  7:48  Gateway  
  101  7:49  Warp Prism, Probe (Chrono Boost), Assimilator  
  101  7:50  Gateway  
  102  7:51  Assimilator  
  102  7:53  Templar Archives  
  102  7:57  Probe (Chrono Boost)  
  105  8:04  Probe (Chrono Boost)  
  105  8:05  Pylon, Probe (Chrono Boost)  
  107  8:06  Zealot  
  107  8:11  Pylon  
  110  8:14  Zealot x2  
  113  8:20  Zealot, Immortal  
  113  8:21  Zealot  
  117  8:46  Zealot x4  
  125  8:55  Photon Cannon  
  125  9:02  Observer  
  125  9:03  Pylon  
  125  9:04  Pylon  
  126  9:18  Immortal  
  126  9:22  Photon Cannon  
  130  9:24  Photon Cannon  
  130  9:25  Photon Cannon  
  130  9:34  Blink  
  124  9:39  High Templar x4  
  124  9:40  High Templar x2  
  124  9:41  Stalker  
  124  9:43  Protoss Ground Weapons Level 3  
  136  9:50  Archon  
  136  9:51  Archon  
  136  9:53  Nexus  
  136  9:55  Assimilator, Archon  
  136  9:58  Immortal  
  136  10:00  Assimilator  
  140  10:16  Pylon  
  136  10:28  High Templar x3  
  136  10:29  High Templar  
  136  10:30  Zealot, High Templar x2  
  136  10:34  Observer, Archon x2  
  150  10:39  Archon  
  151  10:50  Immortal  
  151  10:53  Gateway  
  151  10:54  Gateway  
  151  10:56  Gateway  
  155  10:59  Gateway  
  155  11:00  Zealot  
  155  11:01  Zealot x3  
  155  11:03  Zealot x3  
  155  11:25  Immortal  
  145  11:26  Probe x2 (Chrono Boost)  
  145  11:27  Probe x2 (Chrono Boost)  
  153  11:34  Zealot x2  
  153  11:35  Zealot x5  
  164  11:52  Nexus  
  164  11:55  High Templar x4  
  164  11:56  High Templar  
  164  11:57  High Templar  
  172  12:01  Immortal  
  172  12:02  Archon x3  
  172  12:04  Pylon  
  168  12:09  Assimilator  
  168  12:11  Assimilator  
  168  12:15  Pylon  
  162  12:22  Zealot  
  154  12:25  Zealot x4  
  154  12:29  Zealot x3  
  166  12:30  Zealot x3  
  139  12:56  Nexus  
  139  12:57  High Templar x4  
  139  12:58  Pylon, High Templar x4  
  149  12:59  Warp Prism, High Templar x2  
  149  13:00  Stalker  
  161  13:06  Archon x3  
  161  13:07  Archon x2  
  161  13:14  Pylon  
  161  13:28  Photon Cannon  
  161  13:30  Photon Cannon  
  161  13:32  Photon Cannon  
  161  13:33  Photon Cannon  
  140  13:50  Immortal  
  140  13:52  Zealot x9  
  140  13:53  Zealot x2  
  166  14:22  Zealot  
  166  14:23  Zealot x8  
  166  14:24  Zealot x2  
Show
View Real Time Build Order
Export as new Build Order

Railgan Zerg 

Build Orders: Hatch First, Swarm Host 

Get SALT Encoding   

  12  0:01  Drone  
  13  0:12  Overlord  
  13  0:17  Drone  
  14  0:30  Drone x2  
  14  0:34  Drone  
  17  0:52  Hatchery  
  17  0:54  Drone  
  17  0:57  Drone  
  18  1:12  Spawning Pool  
  18  1:15  Extractor  
  18  1:16  Drone  
  17  1:21  Drone  
  18  1:31  Drone  
  19  1:38  Overlord  
  19  1:52  Drone  
  20  2:02  Queen  
  20  2:03  Zergling x2  
  20  2:07  Queen  
  25  2:08  Drone  
  25  2:11  Drone  
  27  2:17  Drone  
  28  2:24  Drone  
  28  2:25  Metabolic Boost  
  29  2:31  Overlord  
  29  2:34  Drone  
  30  2:38  Queen  
  30  2:40  Drone  
  33  2:44  Drone  
  34  2:52  Queen  
  34  2:55  Evolution Chamber  
  34  2:56  Zergling x2  
  36  3:02  Zergling x2  
  37  3:10  Spore Crawler  
  38  3:12  Drone  
  38  3:13  Drone x5  
  38  3:16  Drone  
  44  3:20  Overlord  
  44  3:23  Extractor, Zerg Melee Weapons Level 1  
  44  3:25  Drone  
  44  3:36  Overlord  
  44  3:39  Drone x4  
  48  3:43  Lair  
  48  3:55  Drone x5  
  53  4:03  Drone  
  53  4:05  Extractor, Overlord  
  53  4:12  Overlord  
  53  4:13  Extractor  
  53  4:15  Overlord, Spore Crawler  
  51  4:24  Drone, Spore Crawler  
  51  4:25  Drone  
  52  4:32  Zergling x4  
  52  4:34  Zergling x2  
  52  4:35  Drone x3  
  58  4:45  Drone x2  
  58  4:46  Drone  
  58  4:47  Infestation Pit, Drone x2  
  58  4:51  Queen  
  62  4:57  Zergling x4  
  64  5:02  Queen  
  64  5:13  Drone x2  
  64  5:14  Drone  
  63  5:19  Overlord  
  62  5:24  Zerg Melee Weapons Level 2  
  62  5:26  Zergling x10  
  67  5:28  Pathogen Glands  
  67  5:30  Queen  
  67  5:31  Drone  
  67  5:34  Overlord  
  67  5:38  Burrow  
  66  5:52  Zergling x8  
  66  5:53  Zergling x6  
  73  5:57  Overlord  
  73  6:06  Overlord  
  73  6:07  Overlord  
  73  6:12  Overlord  
  73  6:15  Overlord, Queen  
  73  6:17  Overlord  
  75  6:28  Infestor  
  75  6:29  Infestor x4  
  75  6:31  Drone  
  85  6:42  Drone x2  
  85  6:44  Hatchery  
  86  6:49  Queen  
  86  6:51  Infestor  
  90  6:58  Drone x2  
  90  7:01  Drone  
  88  7:02  Drone  
  88  7:03  Drone  
  88  7:05  Drone  
  91  7:12  Drone x2  
  93  7:17  Overlord  
  93  7:18  Zergling x10  
  98  7:24  Baneling Nest  
  98  7:25  Hydralisk Den  
  91  7:41  Zergling x14  
  92  7:47  Zerg Ground Armor Level 1, Neural Parasite  
  92  7:50  Overlord  
  92  7:56  Swarm Host  
  99  7:58  Drone x2  
  99  8:01  Queen  
  102  8:15  Drone  
  102  8:16  Drone x2  
  102  8:19  Drone, Centrifical Hooks  
  106  8:21  Spore Crawler  
  102  8:35  Drone x6  
  107  8:44  Drone  
  107  8:45  Drone x5  
  113  8:49  Overlord  
  113  8:54  Overlord  
  113  8:59  Swarm Host x2  
  113  9:00  Swarm Host  
  113  9:02  Baneling x3  
  122  9:03  Baneling x12  
  122  9:08  Overseer  
  125  9:11  Zergling x4  
  125  9:14  Extractor, Zergling x2  
  125  9:16  Extractor, Swarm Host  
  126  9:20  Overlord  
  126  9:21  Zergling x2  
  126  9:22  Zergling x10  
  131  9:41  Swarm Host x2  
  131  9:43  Overlord  
  139  9:47  Drone x2  
  139  9:50  Drone x6  
  147  9:53  Overlord  
  146  10:01  Zergling x6  
  146  10:06  Swarm Host x2  
  158  10:12  Zerg Missile Weapons Level 1  
  158  10:13  Hive  
  157  10:17  Hatchery  
  155  10:28  Zergling x16  
  155  10:29  Zergling x2  
  155  10:34  Swarm Host x2  
  168  10:45  Swarm Host  
  168  10:48  Spine Crawler  
  168  10:49  Overlord  
  175  10:50  Spine Crawler, Overlord x2  
  175  10:54  Overlord  
  175  10:55  Overseer x2  
  145  11:28  Zergling x2  
  145  11:29  Zergling x18  
  145  11:31  Zergling x2  
  154  11:35  Zergling x2  
  155  11:41  Zergling x2  
  156  11:50  Zergling x2  
  156  11:51  Zergling x6  
  151  12:03  Zergling x2  
  151  12:04  Zergling x14  
  151  12:07  Spire  
  158  12:11  Infestor, Zergling x2  
  158  12:12  Infestor  
  158  12:13  Infestor x2  
  158  12:20  Adrenal Glands  
  158  12:24  Zergling x8  
  158  12:27  Baneling x6  
  154  12:41  Hatchery  
  133  12:49  Zergling x12  
  133  12:50  Zergling x2  
  119  12:53  Swarm Host  
  119  12:55  Zergling x2  
  119  12:57  Baneling x5  
  119  12:58  Baneling x3  
  121  13:05  Zergling x2  
  134  13:18  Zergling x2  
  141  13:22  Zergling x2  
  142  13:27  Swarm Host  
  142  13:28  Swarm Host  
  135  13:41  Zergling x2  
  135  13:42  Zergling x10  
  143  13:50  Zergling x2  
  143  13:54  Zergling x6  
  147  14:12  Zergling x8  
Tags
 
Add a new tag
Caveats
  • Supply blocks, unpowered buildings, or Contaminate may cause inaccurate times.
  • Supply counts are checked every 10 seconds.